 Dungeon Crawl Stone Soup version 0.29.0-15-g675c0067aa (webtiles) character file.

Game seed: 1636662744967091547

83 qw the Sneak (level 4, -3/28 HPs)
             Began as a Gargoyle Delver on Sept 11, 2022.
             Slain by Terence
             ... wielding a +1 falchion of protection
              (10 damage)
             ... on level 2 of the Dungeon.
             The game lasted 00:00:59 (1937 turns).

qw the Sneak (Gargoyle Delver)                      Turns: 1937, Time: 00:00:59

Health: -3/28      AC: 11    Str: 18    XL:     4   Next: 44%
Magic:  4/4        EV:  7    Int: 10    God:
Gold:   84         SH:  0    Dex: 11    Spells: 3/3 levels left

rFire   . . .      SeeInvis .   Y - +0 hand axe
rCold   . . .      Faith    .   (no shield)
rNeg    + . .      Spirit   .   i - +0 chain mail
rPois   inf        Reflect  .   (no helmet)
rElec   +          Harm     .   (no cloak)
rCorr   .          Rampage  .   (no gloves)
Will    +....                   (no boots)
Stlth   ..........              n - amulet of the acrobat
HPRegen 0.09/turn               o - ring of willpower
MPRegen 0.09/turn               (no ring)

@: no status effects
A: sickness immunity, AC +3, negative energy resistance 1, electricity
resistance, torment resistance 1, petrification resistance, mutation resistance
1
a: no special abilities


You were on level 2 of the Dungeon.
You visited 1 branch of the dungeon, and saw 5 of its levels.

You collected 84 gold pieces.


Innate Abilities, Weirdness & Mutations

You are immune to sickness and miasma.
Your stone body is resilient. (AC +3)
You are immune to poison.
You resist negative energy. (rN+)
You are resistant to electric shocks. (rElec)
You are resistant to unholy torment.
You are immune to petrification.
You are somewhat resistant to further mutation.


   Skills:
 - Level 3.2 Fighting
 - Level 4.0 Axes
 + Level 1.0 Armour
 - Level 1.5 Dodging
 - Level 5.4 Stealth


You had 3 spell levels left.
You didn't know any spells.
Your spell library was empty.

Inventory:

Hand Weapons
 l - a +0 mace
 Y - a +0 hand axe (weapon)
Armour
 i - a +0 chain mail (worn)
Jewellery
 n - an amulet of the acrobat (around neck)
 o - a ring of willpower (left hand)
Wands
 g - a wand of digging (3)
Scrolls
 m - a scroll of identify
Potions
 a - a potion of resistance {unknown}
 d - 2 potions of mutation
 f - a potion of haste
 h - a potion of heal wounds {unknown}
 j - a potion of lignification {unknown}

Dungeon Overview and Level Annotations

Branches:
Dungeon (5/15)
 Temple: D:4-7

Altars:

Annotations:
D:2 Terence


Message History

You hit Terence but do no damage. Terence barely misses you.
You hit Terence but do no damage. Terence hits you but does no damage.
You hit Terence but do no damage. Terence barely misses you.
You closely miss Terence. Terence barely misses you.
Terence hits you with a +1 falchion of protection.
You hit Terence but do no damage. Terence barely misses you.
You hit Terence.
Terence is lightly wounded.
Terence closely misses you.
You hit Terence but do no damage.
Terence is lightly wounded.
Terence shouts, "Get ready for death!"
Terence hits you with a +1 falchion of protection.
You closely miss Terence.
Terence is lightly wounded.
Terence hits you with a +1 falchion of protection.
You hit Terence.
Terence is moderately wounded.
Terence closely misses you.
You closely miss Terence.
Terence is moderately wounded.
Terence hits you with a +1 falchion of protection.
You closely miss Terence.
Terence is moderately wounded.
Terence hits you but does no damage.
You hit Terence but do no damage.
Terence is moderately wounded.
Terence hits you but does no damage.
You hit Terence.
Terence is moderately wounded.
Terence closely misses you.
You hit Terence but do no damage.
Terence is moderately wounded.
Terence hits you with a +1 falchion of protection!
You die...

########### #......(..#
###.####.## #.# #.#
#########.# #.#
..........####.#########
................@@.....#
........#.#....#%#####.#
......#.###.####.#####.#
.......................#
........###.####.#######
..........<...##.#
............#.#..#
........#...#.#.##
%...........#...#


You could see Terence.

Vanquished Creatures
  4 adders
  A dart slug (D:1)
  5 endoplasms
  5 goblins
  6 hobgoblins
  3 jackals (D:1)
  2 quokkas
  7 ball pythons
  A bat (D:1)
  2 frilled lizards
  A kobold (D:1)
  5 rats
42 creatures vanquished.

Notes
Turn   | Place    | Note
-------+----------+-------------------------------------------
     0 | D:5      | qw the Gargoyle Delver began the quest for the Orb.
     0 | D:5      | Reached XP level 1. HP: 14/14 MP: 1/1
     0 | D:5      | 0 ||| qw: Version: 0.1-a-118-gb4e7ce6
     0 | D:5      | 0 ||| qw: Game counter: 10561
     0 | D:5      | 0 ||| qw: Always use a shield: true
     0 | D:5      | 0 ||| qw: God list: Okawaru
     0 | D:5      | 0 ||| qw: Allow faded altars: false
     0 | D:5      | 0 ||| qw: Do Orc after D:15 true
     0 | D:5      | 0 ||| qw: Do second Lair branch before Depths: true
     0 | D:5      | 0 ||| qw: Lair rune preference: random
     0 | D:5      | 0 ||| qw: Plans: Normal
     0 | D:5      | 0 ||| PLANNING D:1-11
    13 | D:5      | 13 ||| DROPPING scroll of fog.
    14 | D:5      | 14 ||| DROPPING scroll of magic mapping.
    15 | D:5      | 15 ||| DROPPING scroll of fear.
    39 | D:4      | Reached XP level 2. HP: 15/19 MP: 2/2
    69 | D:4      | 69 ||| Stepping ~*~*~tactically~*~*~ (stealth).
    70 | D:4      | 70 ||| Stepping ~*~*~tactically~*~*~ (stealth).
   115 | D:4      | 115 ||| UPGRADING to +0 ring mail.
   125 | D:4      | 125 ||| DROPPING +0 leather armour.
   151 | D:3      | 151 ||| Stepping ~*~*~tactically~*~*~ (stealth).
   154 | D:3      | 154 ||| Stepping ~*~*~tactically~*~*~ (stealth).
   165 | D:3      | Reached skill level 3 in Axes
   224 | D:3      | 224 ||| FLEEEEING.
   225 | D:3      | 225 ||| FLEEEEING.
   226 | D:3      | 226 ||| FLEEEEING.
   227 | D:3      | 227 ||| FLEEEEING.
   228 | D:3      | 228 ||| FLEEEEING.
   229 | D:3      | 229 ||| STAIRDANCE
   231 | D:2      | 231 ||| FLEEEEING.
   232 | D:2      | 232 ||| FLEEEEING.
   233 | D:2      | 233 ||| FLEEEEING.
   234 | D:2      | 234 ||| STAIRDANCE
   251 | D:1      | 251 ||| Stepping ~*~*~tactically~*~*~ (stealth).
   259 | D:1      | Reached XP level 3. HP: 20/23 MP: 3/3
   278 | D:1      | 278 ||| Stepping ~*~*~tactically~*~*~ (stealth).
   279 | D:1      | 279 ||| Stepping ~*~*~tactically~*~*~ (stealth).
   339 | D:1      | 339 ||| Stepping ~*~*~tactically~*~*~ (stealth).
   356 | D:1      | 356 ||| Stepping ~*~*~tactically~*~*~ (stealth).
   426 | D:1      | 426 ||| Stepping ~*~*~tactically~*~*~ (stealth).
   468 | D:1      | 468 ||| Stepping ~*~*~tactically~*~*~ (stealth).
   621 | D:1      | Found a faded altar of an unknown god.
   883 | D:1      | 883 ||| Stepping ~*~*~tactically~*~*~ (stealth).
   885 | D:1      | 885 ||| Stepping ~*~*~tactically~*~*~ (stealth).
   887 | D:1      | 887 ||| Stepping ~*~*~tactically~*~*~ (stealth).
  1015 | D:1      | 1015 ||| DROPPING +0 club.
  1056 | D:1      | 1056 ||| READING scroll labelled WUMUUR QERPH.
  1060 | D:1      | 1060 ||| READING scroll labelled KIDDUMAPSU.
  1114 | D:2      | Reached XP level 4. HP: 28/28 MP: 4/4
  1339 | D:2      | 1339 ||| Stepping ~*~*~tactically~*~*~ (stealth).
  1341 | D:2      | 1341 ||| Stepping ~*~*~tactically~*~*~ (stealth).
  1467 | D:2      | 1467 ||| Stepping ~*~*~tactically~*~*~ (stealth).
  1713 | D:2      | Reached skill level 1 in Armour
  1865 | D:2      | 1865 ||| UPGRADING to +0 chain mail.
  1875 | D:2      | 1875 ||| DROPPING +0 ring mail.
  1876 | D:2      | 1876 ||| UPGRADING to amulet of the acrobat.
  1881 | D:2      | 1881 ||| UPGRADING to ring of willpower.
  1882 | D:2      | 1882 ||| READING scroll labelled JYCACE ED INN.
  1883 | D:2      | 1883 ||| READING scroll labelled ZIECOGR ZULIRR.
  1884 | D:2      | 1884 ||| DRINKING 3 fuming white potions.
  1884 | D:2      | Gained mutation: You are somewhat resistant to further
                  | mutation. [potion of mutation]
  1885 | D:2      | 1885 ||| DRINKING 2 ruby potions.
  1886 | D:2      | 1886 ||| DROPPING potion of flight.
  1904 | D:3      | Noticed Terence
  1908 | D:3      | 1908 ||| STAIRDANCE
  1921 | D:3      | 1921 ||| STAIRDANCE
  1933 | D:2      | HP: 7/28 [Terence/+1 falchion of protection (3)]
  1937 | D:2      | Slain by Terence

Levels and vault maps discovered:
D:1:      eino_arrival_tree_alley, layout_loops_cross,
          dreamdust_ecumenical_altar_statues
D:2:      layout_basic
D:3:      layout_rooms, gammafunk_ghost_icy, uniq_terence
D:4:      layout_loops_ring, minmay_temple_entry_poolview,
          biasface_ghost_orc_armoury, kennysheep_generic_room_6, uniq_grinder
D:5:      layout_basic, kennysheep_diamond, grunt_decor_arrowhead

Skill      XL: |  1  2  3  4 |
---------------+-------------+-----
Axes           | 2 3 4 |  4.0
Armour         | 1 |  1.0
Fighting       | |  3.2
Dodging        | |  1.5
Stealth        | |  5.4

Action                   |  1- 3 |  4- 6 || total
-------------------------+-------+-------++-------
Melee: Hand axe          |    88 |    58 ||   146
       Punch             |     1 |       ||     1
  Use: Scroll            |     2 |     2 ||     4
       Potion            |       |     2 ||     2
 Stab: Sleeping          |     1 |     1 ||     2
Armor: Leather armour    |     2 |       ||     2
       Ring mail         |    31 |    10 ||    41
       Chain mail        |       |     9 ||     9
Dodge: Dodged            |    41 |    31 ||    72

Table legend:
 A = Non-vault XP
 B = Vault XP
 C = Vault XP percentage of total XP
 D = Non-vault monster count
 E = Vault monster count
 F = Vault count percentage of total count
                 A         B        C        D         E       F
            +---------+---------+-------+---------+---------+-------
      Total |     119 |       0 |   0.0 |      42 |       0 |   0.0
            +---------+---------+-------+---------+---------+-------
        D:1 |      34 |       0 |   0.0 |      19 |       0 |   0.0
        D:2 |      52 |       0 |   0.0 |      17 |       0 |   0.0
        D:3 |      20 |       0 |   0.0 |       5 |       0 |   0.0
        D:4 |      13 |       0 |   0.0 |       1 |       0 |   0.0
            +---------+---------+-------+---------+---------+-------
